 Dungeon Crawl Stone Soup version 0.28-a0-723-g095bd1b44f (webtiles) character file.

Game seed: 5997136435866139569

3484 flotson the Skirmisher (level 9, -17/72 HPs)
             Began as a Demonspawn Delver on Oct 25, 2021.
             Demolished by a very large slime creature (55 damage)
             ... on level 7 of the Dungeon.
             The game lasted 00:19:46 (10265 turns).

flotson the Skirmisher (Demonspawn Delver)         Turns: 10265, Time: 00:19:47

Health: -17/72     AC:  8    Str: 16    XL:     9   Next: 79%
Magic:  9/9        EV: 14    Int: 11    God:
Gold:   221        SH:  4    Dex: 21    Spells: 8/8 levels left

rFire   + . .      SeeInvis .   a - +0 whip (elec)
rCold   . . .      Faith    .   F - +0 buckler
rNeg    . . .      Spirit   .   e - +0 ring mail
rPois   .          Reflect  .   (no helmet)
rElec   .          Harm     .   (no cloak)
rCorr   .          Rampage  .   f - +0 pair of gloves of Loss {rF+ Stlth+}
Will    +....                   w - +0 pair of boots
Stlth   +++.......              (no amulet)
HPRegen 0.22/turn               y - +6 ring of dexterity
MPRegen 0.11/turn               h - ring of willpower

@: no status effects
A: demonic guardian 2, foul stench 2
a: no special abilities


You were on level 7 of the Dungeon.
You visited 2 branches of the dungeon, and saw 8 of its levels.

You collected 430 gold pieces.
You spent 209 gold pieces at shops.

Inventory:

Hand Weapons
 a - a +0 whip of electrocution (weapon)
 b - a +0 hand crossbow
 c - a +0 trident
Missiles
 i - 9 bolts
 r - 2 poisoned darts (quivered)
Armour
 e - a +0 ring mail (worn)
 f - the +0 pair of gloves of Loss (worn) {rF+ Stlth+}
   (You bought it in a shop on level 5 of the Dungeon)

   rF:        It protects you from fire.
   Stlth:     It makes you more stealthy.
 w - a +0 pair of boots (worn)
 F - a +0 buckler (worn)
Jewellery
 h - a ring of willpower (right hand)
 y - a +6 ring of dexterity (left hand)
Wands
 g - a wand of digging (2)
 j - a wand of flame (17)
 E - a wand of iceblast (5)
Scrolls
 k - a scroll of enchant armour {unknown}
 l - a scroll of brand weapon {unknown}
 m - a scroll of teleportation {unknown}
 n - 4 scrolls of fog
 o - 3 scrolls of immolation
 s - a scroll of enchant weapon {unknown}
 t - a scroll of vulnerability {unknown}
 v - a scroll of holy word {unknown}
 x - a scroll of acquirement {unknown}
 A - 2 scrolls of magic mapping
 B - a scroll of fear
Potions
 p - 4 potions of curing
 q - a potion of cancellation
 u - a potion of attraction
 z - 2 potions of flight
 C - a potion of berserk rage
 D - 2 potions of haste


   Skills:
 + Level 7.0 Fighting
 + Level 6.1 Axes
 + Level 4.7 Crossbows
 + Level 0.4 Throwing
 + Level 5.6 Armour
 + Level 6.1 Dodging
 - Level 4.5 Stealth
 + Level 0.4 Shields
 + Level 0.5 Evocations


You had 8 spell levels left.
You didn't know any spells.
Your spell library contained the following spells:

 Spells                   Type           Power      Damage    Failure   Level
 Beastly Appendage        Tmut           0%         N/A       69%         1
 Shock                    Conj/Air       0%         1d3       69%         1
 Summon Small Mammal      Summ           0%         N/A       69%         1
 Wereblood                Tmut           0%         N/A       83%         2
 Call Canine Familiar     Summ           0%         N/A       96%         3
 Spider Form              Tmut/Pois      0%         N/A       96%         3
 Summon Guardian Golem    Hex/Summ       0%         N/A       96%         3
 Swiftness                Air            0%         N/A       96%         3
 Airstrike                Air            0%         N/A       100%        4


Dungeon Overview and Level Annotations

Branches:
Dungeon (7/15)             Temple (1/1) D:6

Altars:
Ashenzari
Cheibriados
Dithmenos
Elyvilon
Fedhas
Hepliaklqana
Kikubaaqudgha
Makhleb
Okawaru
Qazlal
Ru
Trog
Uskayaw
Vehumet
Wu Jian
Xom
Yredelemnul
Zin

Shops:
D:1 *   D:3 *   D:5 *?:!

Annotations:
D:3 3 runed translucent doors, AM7's ghost, amateur DrFE


Innate Abilities, Weirdness & Mutations

A demonic guardian rushes to your aid.
You sometimes emit foul miasma when damaged in melee.


Message History

You hit the slime creature.
The slime creature is moderately wounded.
You block the slime creature's attack.
Two slime creatures merge to form a large slime creature.
The slime creature misses you.
Two slime creatures merge to form a very large slime creature.
There is an open door here.
You close the door.
You start resting.
HP restored.
You open the door.
A slime creature is nearby!
Your +0 whip of electrocution stops crackling.
b - a +0 hand crossbow (weapon)
You shoot a bolt.
The bolt barely misses the slime creature.
You shoot a bolt.
The bolt barely misses the slime creature.
You hear the crackle of electricity.
a - a +0 whip of electrocution (weapon)
The slime creature hits you!
You hit the slime creature.
The slime creature is lightly wounded.
The slime creature hits you.
You hit the slime creature.
The slime creature is lightly wounded.
Two slime creatures merge to form a large slime creature.
You hit the large slime creature.
The large slime creature is lightly wounded.
The large slime creature hits you!!
The slime creature quivers.
You hit the large slime creature.
The large slime creature is lightly wounded.
Two slime creatures merge to form a very large slime creature.
You hit the very large slime creature.
Lightning courses through the very large slime creature!
The very large slime creature is lightly wounded.
The very large slime creature hits you!!!
Ouch! That really hurt!
You die...

#...###'#### #[))
#...##.....#### ####'#
#...##.....'Y.#
###8884#
######.....#.##
#.'....8 #..YJ.#.#
#.#888.#
#.....#.#######.####'#
#.....#....Y......#...
##^..#############.##..
#(...J@..........#.#.#.
#....###########.#.## #
#.).......######.#Y#
#.....)..........#.#
#.....###.#....###.#
#...#.# #.'....'<#.#
#####.# ###....###.#
#.# #.....Y....#
########.###.##########


You could see a very large slime creature.

Vanquished Creatures
  A two-headed ogre (D:7)
  A troll (D:7)
  A hornet (D:7)
  Sigmund (D:2)
  2 water moccasins (D:7)
  An ice beast (D:6)
  A sky beast (D:7)
  An ogre (D:5)
  3 centaurs
  2 phantoms
  A kobold brigand (D:7)
  Blork the orc (D:6)
  A bullfrog (D:5)
  3 scorpions
  A wyvern skeleton (D:7)
  3 hounds
  2 orc priests (D:7)
  4 centaur skeletons
  2 iguanas
  2 orc wizards (D:7)
  A hound zombie (D:5)
  A hound skeleton (D:5)
  8 gnolls (D:3)
  2 adders
  A white imp (D:7)
  An ufetubus (D:5)
  An adder skeleton (D:4)
  A worm (D:4)
  7 dart slugs
  12 orcs
  6 ball pythons
  5 endoplasms
  2 giant cockroaches
  9 goblins
  3 hobgoblins
  13 jackals
  4 quokkas
  7 bats
  4 frilled lizards (D:1)
  7 kobolds
  8 rats
137 creatures vanquished.

Vanquished Creatures (collateral kills)
  A shadow (D:7)
  A water moccasin (D:7)
  A phantom (D:5)
  A bullfrog (D:7)
  A howler monkey zombie (D:7)
  5 orcs
  An endoplasm (D:1)
  A kobold (D:3)
12 creatures vanquished.

Grand Total: 149 creatures vanquished

Notes
Turn   | Place    | Note
-------+----------+-------------------------------------------
     0 | D:5      | flotson the Demonspawn Delver began the quest for the Orb.
     0 | D:5      | Reached XP level 1. HP: 18/18 MP: 1/1
     1 | D:5      | Noticed a scorpion
   308 | D:3      | Gained mutation: A weak demonic guardian rushes to your
                  | aid. [demonic ancestry]
   308 | D:3      | Reached XP level 2. HP: 2/24 MP: 2/2
   612 | D:3      | Found Zin's Purification Station.
   708 | D:2      | Found a hazy altar of Hepliaklqana.
   824 | D:2      | Reached skill level 1 in Armour
   841 | D:2      | Gained mutation: A demonic guardian rushes to your aid.
                  | [demonic ancestry]
   841 | D:2      | Reached XP level 3. HP: 23/29 MP: 3/3
  1509 | D:1      | Found a faded altar of an unknown god.
  1738 | D:1      | Gained mutation: You may rarely emit foul miasma when
                  | damaged in melee. [demonic ancestry]
  1738 | D:1      | Reached XP level 4. HP: 31/35 MP: 4/4
  2147 | D:1      | Noticed a draconian
  2149 | D:1      | Noticed a gargoyle
  2151 | D:1      | Noticed a formicid
  2151 | D:1      | Noticed a merfolk
  2153 | D:1      | Noticed a minotaur
  2155 | D:1      | Noticed an elf
  2155 | D:1      | Noticed a demonspawn
  2157 | D:1      | Noticed a human
  2157 | D:1      | Noticed a felid
  2159 | D:1      | Noticed a spriggan
  2159 | D:1      | Noticed a naga
  2161 | D:1      | Noticed a demigod
  2161 | D:1      | Noticed a dwarf
  2163 | D:1      | Noticed an octopode
  2165 | D:1      | Noticed a troll
  2193 | D:1      | Noticed a vine stalker
  2195 | D:1      | Noticed a ghoul
  2195 | D:1      | Noticed a vampire
  2197 | D:1      | Noticed a tengu
  2197 | D:1      | Noticed an ogre
  2295 | D:1      | Found Pojiq's General Store.
  2430 | D:2      | Noticed Sigmund
  2593 | D:3      | Found a runed translucent gate.
  2593 | D:3      | Found a runed translucent gate.
  2618 | D:3      | Found a runed translucent gate.
  2753 | D:3      | Gained mutation: You sometimes emit foul miasma when
                  | damaged in melee. [demonic ancestry]
  2753 | D:3      | Reached XP level 5. HP: 18/42 MP: 5/5
  3159 | D:3      | Reached skill level 4 in Fighting
  3265 | D:3      | Noticed AM7's ghost (amateur DrFE)
  3608 | D:2      | Killed Sigmund
  3609 | D:2      | Reached XP level 6. HP: 32/49 MP: 6/6
  3983 | D:4      | Found a snail-covered altar of Cheibriados.
  4227 | D:4      | Found a blossoming altar of Fedhas.
  4581 | D:5      | Reached XP level 7. HP: 34/55 MP: 7/7
  4594 | D:5      | Reached skill level 1 in Crossbows
  4704 | D:5      | Found Gifi Roe's Book Boutique.
  4985 | D:5      | Found Yqei's Distillery.
  5017 | D:5      | Reached skill level 5 in Fighting
  5874 | D:6      | Noticed Blork the orc
  5881 | D:5      | Reached XP level 8. HP: 34/62 MP: 8/8
  6058 | D:6      | Found a shadowy altar of Dithmenos.
  6562 | D:6      | Found a staircase to the Ecumenical Temple.
  6571 | Temple   | Entered the Ecumenical Temple
  7069 | D:6      | Found a staircase to the Ecumenical Temple.
  7084 | D:6      | Found a shadowy altar of Dithmenos.
  7098 | D:6      | Killed Blork the orc
  7730 | D:7      | Found an ancient bone altar of Kikubaaqudgha.
  7825 | D:5      | Bought a pair of smoking gloves for 209 gold pieces
  7825 | D:5      | Identified the +0 pair of gloves of Loss {rF+ Stlth+} (You
                  | bought it in a shop on level 5 of the Dungeon)
  7886 | D:7      | Noticed a two-headed ogre
  7903 | D:7      | Killed a two-headed ogre
  7904 | D:7      | Reached skill level 6 in Fighting
  7904 | D:7      | Reached skill level 5 in Axes
  7904 | D:7      | Reached skill level 5 in Dodging
  8149 | D:7      | Reached XP level 9. HP: 49/69 MP: 9/9
  8472 | D:7      | Reached skill level 5 in Armour
  8476 | D:7      | Noticed a troll
  9294 | D:7      | Reached skill level 7 in Fighting
  9639 | D:7      | Killed a troll
 10265 | D:7      | Demolished by a very large slime creature

Illustrated notes

Levels and vault maps discovered:
D:1:      kb_arrival_jail, layout_loops_ring, hellmonk_ecumenical_altar_blasted,
          serial_shops, nicolae_square_shop, minmay_heptomino_o4
D:2:      layout_loops_cross, basic_altar, minmay_misc_feat_roman, uniq_sigmund
D:3:      layout_basic, zin_purify, ebering_ghost_rock_garden
D:4:      layout_basic, cheibrodos_worm_habitat, lemuel_crystal_altar,
          nrook_uturn
D:5:      layout_cave_pools, serial_shops, nicolae_stop_n_shop_1,
          nicolae_shop_trees, kennysheep_mini_moat, shop, serial_bayou_pond_e,
          nicolae_underground_beach
D:6:      layout_basic, nicolae_dithmenos_shadow_blocks,
          minmay_temple_entry_glassed_door, uniq_blork_the_orc
D:7:      minmay_chambers_of_sevens, layout_basic,
          nicolae_kikubaaqudgha_miasma_corner
Temple:   dshaligram_water_room_temple

Skill      XL: |  1  2  3  4  5  6  7  8  9 |
---------------+----------------------------+-----
Axes           | 2 3 4 5 6 |  6.1
Dodging        | 2 3 4 5 6 |  6.1
Armour         | 1 2 3 4 5 |  5.6
Fighting       | 4 5 6 7 |  7.0
Crossbows      | 2 3 4 |  4.7
Throwing       | |  0.4
Stealth        | |  4.5
Shields        | |  0.4
Evocations     | |  0.5

Action                   |  1- 3 |  4- 6 |  7- 9 || total
-------------------------+-------+-------+-------++-------
Melee: Hand axe          |    10 |       |       ||    10
       Quarterstaff      |   120 |    79 |    67 ||   266
       Whip              |       |       |   122 ||   122
 Fire: Hand crossbow     |     7 |    27 |     7 ||    41
       Arbalest          |       |    20 |    59 ||    79
Throw: Dart              |       |       |     5 ||     5
Evoke: Wand              |     1 |       |     3 ||     4
  Use: Scroll            |     2 |       |     8 ||    10
       Potion            |     1 |     1 |     2 ||     4
 Stab: Sleeping          |     3 |     7 |     4 ||    14
       Distracted        |       |       |     1 ||     1
Armor: Leather armour    |    37 |       |       ||    37
       Ring mail         |    31 |    49 |    82 ||   162
Dodge: Dodged            |   105 |    60 |   173 ||   338
Block: Buckler           |       |       |     2 ||     2

Table legend: (Time is in decaauts)
 A = Elapsed time spent in this place.
 B = Non-inter-level travel time spent in this place.
 C = Inter-level travel time spent in this place.
 D = Time resting spent in this place.
 E = Time spent auto-exploring this place.
 F = Levels seen in this place.
 G = Mean time per level.
                   A        B        C        D        E       F      G
               +--------+--------+--------+--------+--------+-----+--------+
         Total |  10370 |   9981 |    389 |    711 |   7553 |   8 | 1296.2 |
       Dungeon |  10279 |   9911 |    368 |    711 |   7493 |   7 | 1468.4 |
        Temple |     90 |     69 |     21 |      0 |     60 |   1 |   90.0 |
               +--------+--------+--------+--------+--------+-----+--------+

Top non-repeatable levels by time:
     D:7: 2530 daAuts
     D:5: 1749 daAuts
     D:1: 1427 daAuts
     D:6: 1401 daAuts
     D:3: 1337 daAuts
     D:4: 941 daAuts
     D:2: 892 daAuts
  Temple: 90 daAuts
